 Dungeon Crawl Stone Soup version 0.29-a0-1009-g60c99734e7 (webtiles) character file.

Game seed: 4823886397501703373

47 Manisian the Sneak (level 3, -1/16 HPs)
             Began as a Spriggan Enchanter on Aug 8, 2022.
             Shot with a sling bullet by a goblin (2 damage)
             ... on level 2 of the Dungeon.
             The game lasted 00:04:51 (2569 turns).

Manisian the Sneak (Spriggan Enchanter)             Turns: 2569, Time: 00:04:52

Health: -1/16      AC:  2    Str:  4    XL:     3   Next: 48%
Magic:  2/8        EV: 18    Int: 16    God:
Gold:   87         SH:  0    Dex: 17    Spells: 2/7 levels left

rFire   . . .      SeeInvis +   a - +1 dagger
rCold   . . .      Faith    .   (no shield)
rNeg    . . .      Spirit   .   b - +0 robe
rPois   .          Reflect  .   (helmet restricted)
rElec   .          Harm     .   (no cloak)
rCorr   .          Rampage  .   (gloves unavailable)
Will    .....                   (boots unavailable)
Stlth   +++.......              (no amulet)
HPRegen 0.05/turn               (no ring)
MPRegen 0.11/turn               (no ring)

@: very quick
A: very small, no large weapons, unfitting armour, see invisible, speed 3
a: no special abilities


You were on level 2 of the Dungeon.
You visited 1 branch of the dungeon, and saw 2 of its levels.

You collected 87 gold pieces.

Inventory:

Hand Weapons
 a - a +1 dagger (weapon)
Armour
 b - a +0 robe (worn)
Scrolls
 d - a scroll of fog {unknown}
 e - a scroll of identify {unknown}
Potions
 c - 2 potions of invisibility


   Skills:
 + Level 1.4 Short Blades
 + Level 3.2 Dodging
 * Level 5.6 Stealth
 + Level 2.9 Spellcasting
 + Level 4.1 Hexes
 + Level 0.1 Ice Magic


You had 2 spell levels left.
You knew the following spells:

 Your Spells              Type           Power      Damage    Failure   Level
a - Ensorcelled Hibernat  Hex/Ice        18%        N/A       12%         2
b - Confusing Touch       Hex            15%        N/A       11%         3

Your spell library contained the following spells:

 Spells                   Type           Power      Damage    Failure   Level
 Tukima's Dance           Hex            15%        N/A       11%         3
 Dazzling Flash           Conj/Hex       18%        N/A       24%         3


Dungeon Overview and Level Annotations

Branches:
Dungeon (2/15)

Altars:


Innate Abilities, Weirdness & Mutations

You are very small and have problems with some larger weapons.
You are too small for most types of armour.
You have supernaturally acute eyesight. (SInv)
You cover ground extremely quickly. (Speed+++)


Message History

You are poisoned.
The adder poisons you!
An orc comes into view. It is wielding a +0 mace.
You completely miss the adder.
You feel sick. The adder misses you.
You hit the adder but do no damage.
You feel sick. The adder closely misses you.
You hit the adder but do no damage.
The adder appears confused.
You feel sick. The adder completely misses you.
The adder bites itself but does no damage.
You completely miss the adder.
You feel sick.
You strike the helpless adder from behind!
You puncture the adder!
You kill the adder!
You feel sick.
You are no longer poisoned.
The goblin unwields a +0 club.
The goblin wields a +0 sling.
The goblin shoots a sling bullet.
The sling bullet closely misses you.
Casting: Confusing Touch (extremely dangerous; 11% risk of failure)
Confirm with . or Enter, or press ? or * to list all spells.
Aiming: Ensorcelled Hibernation (safe; 12% risk of failure)
Press: ? - help, Shift-Dir - straight line, f - orc
Aim: an orc, wielding a +0 morningstar and wearing a +0 leather armour (chance to affect: 61%)
The orc resists with significant effort.
The orc hits you with a +0 morningstar!
Ouch! That really hurt!
* * * LOW HITPOINT WARNING * * *
Casting: Ensorcelled Hibernation (safe; 12% risk of failure)
Confirm with . or Enter, or press ? or * to list all spells.
Aiming: Ensorcelled Hibernation (safe; 12% risk of failure)
Press: ? - help, Shift-Dir - straight line, f/p - orc
Aim: an orc, wielding a +0 morningstar and wearing a +0 leather armour (chance to affect: 61%)
The orc looks drowsy...
You are too injured to fight recklessly!
The helpless orc fails to defend itself.
You impale the orc!!
You kill the orc!
The goblin shoots a sling bullet.
The sling bullet closely misses you.
The goblin shoots a sling bullet.
The sling bullet completely misses you.
The goblin shoots a sling bullet.
The sling bullet hits you.
You die...

#.......# #o# # #o#
#.###g# #.....###
####....+ #...####
#.### #@# ##### #.#
######...#
######'####....#...#
#..................##
#........##.........#
#........##.........###
#........##............
#........##.........###
#........##.........#


You could see an orc and a goblin.

Vanquished Creatures
  An adder (D:2)
  An orc (D:2)
  2 endoplasms (D:1)
  4 giant cockroaches (D:1)
  7 goblins (D:1)
  A hobgoblin (D:1)
  4 jackals (D:1)
  A bat (D:1)
  3 frilled lizards (D:1)
  6 kobolds (D:1)
  2 rats (D:1)
32 creatures vanquished.

Vanquished Creatures (others)
  A rat (D:1)
1 creature vanquished.

Grand Total: 33 creatures vanquished

Notes
Turn   | Place    | Note
-------+----------+-------------------------------------------
     0 | D:1      | Manisian the Spriggan Enchanter began the quest for the
                  | Orb.
     0 | D:1      | Reached XP level 1. HP: 9/9 MP: 5/5
     2 | D:1      | Noticed a troll
     2 | D:1      | Noticed a vine stalker
     4 | D:1      | Noticed a human
     4 | D:1      | Noticed an elf
     6 | D:1      | Noticed a vampire
     8 | D:1      | Noticed an ogre
     8 | D:1      | Noticed a merfolk
    12 | D:1      | Noticed a draconian
    14 | D:1      | Noticed a gargoyle
    14 | D:1      | Noticed a spriggan
    16 | D:1      | Noticed a formicid
    16 | D:1      | Noticed a dwarf
    18 | D:1      | Noticed a minotaur
    18 | D:1      | Noticed a ghoul
    20 | D:1      | Noticed a demigod
    20 | D:1      | Noticed a felid
    22 | D:1      | Noticed an octopode
    22 | D:1      | Noticed a naga
    24 | D:1      | Noticed a tengu
    26 | D:1      | Noticed a demonspawn
   104 | D:1      | Found a faded altar of an unknown god.
   608 | D:1      | Reached XP level 2. HP: 13/13 MP: 6/6
   908 | D:1      | Learned a level 2 spell: Ensorcelled Hibernation
  1054 | D:1      | Reached skill level 5 in Stealth
  2177 | D:1      | Reached XP level 3. HP: 16/16 MP: 8/8
  2181 | D:1      | Learned a level 3 spell: Confusing Touch
  2569 | D:2      | Shot with a sling bullet by a goblin

Illustrated notes

Levels and vault maps discovered:
D:1:      kb_arrival_jail, layout_loops_corners,
          chequers_ecumenical_altar_grove, lemuel_flame_loot_1
D:2:      layout_basic, basic_altar, uniq_terence

Skill      XL: |  1  2 |
---------------+-------+-----
Hexes          | 4 |  4.1
Stealth        | 5 |  5.6
Dodging        | 3 |  3.2
Short Blades   | |  1.4
Spellcasting   | |  2.9
Ice Magic      | |  0.1

Action                   || total
-------------------------++-------
Melee: Dagger            ||   108
       Punch             ||     1
 Cast: Ensorcelled Hiber ||    20
       Confusing Touch   ||     2
 Stab: Sleeping          ||    16
       Confused          ||     1
Armor: Robe              ||    10
Dodge: Dodged            ||    73

Table legend: (Time is in decaauts)
 A = Elapsed time spent in this place.
 B = Non-inter-level travel time spent in this place.
 C = Inter-level travel time spent in this place.
 D = Time resting spent in this place.
 E = Time spent auto-exploring this place.
 F = Levels seen in this place.
 G = Mean time per level.
                   A        B        C        D        E       F      G
               +--------+--------+--------+--------+--------+-----+--------+
         Total |   2132 |   2109 |     23 |    408 |   1387 |   2 | 1066.0 |
       Dungeon |   2132 |   2109 |     23 |    408 |   1387 |   2 | 1066.0 |
               +--------+--------+--------+--------+--------+-----+--------+

Top non-repeatable levels by time:
     D:1: 2081 daAuts
     D:2: 50 daAuts
